 Dungeon Crawl Stone Soup version 0.27-a0-1579-g97d2440184 (webtiles) character file.

Game seed: 2851868830683911754

973 dolemite99 the Cleaver (level 8, -1/64 HPs)
             Began as a Hill Orc Fighter on July 17, 2021.
             Was a Priest of Cheibriados.
             Killed from afar by a steam dragon (17 damage)
             ... with a ball of steam
             ... on level 6 of the Dungeon.
             The game lasted 00:05:01 (6460 turns).

dolemite99 the Cleaver (Hill Orc Fighter)           Turns: 6460, Time: 00:05:02

Health: -1/64      AC:  9    Str: 29    XL:     8   Next: 16%
Magic:  8/8        EV:  6    Int: 16    God:    Cheibriados [***...]
Gold:   287        SH: 11    Dex: 18    Spells: 7/7 levels left

rFire    . . .     SeeInvis .   a - +2 hand axe (venom)
rCold    . . .     Faith    .   c - +0 kite shield
rNeg     . . .     Spirit   .   v - +0 chain mail
rPois    .         Reflect  .   (no helmet)
rElec    .         Harm     .   (no cloak)
rCorr    .         Rampage  .   (no gloves)
Will     .....                  (no boots)
Stlth    ..........             (no amulet)
HPRegen  0.20/turn              (no ring)
MPRegen  0.11/turn              (no ring)

@: very slow
A: no striking features
a: Renounce Religion, Bend Time, Temporal Distortion


You were on level 6 of the Dungeon.
You worshipped Cheibriados.
Cheibriados was most pleased with you.
You visited 1 branch of the dungeon, and saw 6 of its levels.

You collected 287 gold pieces.

Inventory:

Hand Weapons
 a - a +2 hand axe of venom (weapon)
 f - a +0 hunting sling
 l - a +0 war axe
 n - a +0 hunting sling
Missiles
 p - 138 stones
 q - 73 sling bullets
 s - 37 poisoned darts (quivered)
Armour
 b - a +0 scale mail
 c - a +0 kite shield (worn)
 v - a +0 chain mail (worn)
Jewellery
 k - a +6 ring of intelligence
Scrolls
 e - a scroll of fog {unknown}
 i - a scroll of amnesia
 j - 2 scrolls of enchant armour
 o - a scroll of brand weapon {unknown}
 r - a scroll of summoning {unknown}
 u - a scroll of holy word {unknown}
 w - a scroll of noise {unknown}
 y - 2 scrolls of teleportation {unknown}
Potions
 d - 2 potions of might
 g - 6 potions of curing
 h - a potion of lignification {unknown}
 m - 4 potions of haste
 x - a potion of flight {unknown}


   Skills:
 - Level 3.6 Fighting
 + Level 11.9 Axes
 - Level 3.2 Armour
 - Level 3.2 Shields


You had 7 spell levels left.
You didn't know any spells.
Your spell library contained the following spells:

 Spells                   Type           Power      Damage    Failure   Level
 Animate Skeleton         Necr           0%         N/A       99%         1
 Apportation              Tloc           0%         N/A       99%         1
 Corona                   Hex            0%         N/A       99%         1
 Sting                    Tmut/Pois      0%         1d3       99%         1
 Summon Small Mammal      Summ           0%         N/A       99%         1
 Ensorcelled Hibernation  Hex/Ice        0%         N/A       100%        2
 Poisonous Vapours        Pois/Air       0%         N/A       100%        2
 Spider Form              Tmut/Pois      0%         N/A       100%        3
 Olgreb's Toxic Radiance  Pois           0%         N/A       100%        4
 Shadow Creatures         Summ           N/A        N/A       100%        6


Dungeon Overview and Level Annotations

Branches:
Dungeon (6/15)             Temple (0/1) D:4

Altars:
Cheibriados
Wu Jian


Message History

You throw a poisoned dart.
The poisoned dart barely misses the steam dragon.
You throw a poisoned dart.
The poisoned dart hits the steam dragon.
The steam dragon is poisoned.
You hit the steam dragon.
The steam dragon looks even sicker.
The steam dragon is lightly wounded.
You block the steam dragon's attack. The steam dragon barely misses you.
You hit the steam dragon.
The steam dragon is lightly wounded.
The steam dragon breathes steam at you. The ball of steam hits you!!
You hear an angry hiss.
You hit the steam dragon but do no damage.
The steam dragon is moderately wounded.
You are engulfed in a cloud of scalding steam.
The steam dragon bites you but does no damage.
You block the steam dragon's attack.
You slash the steam dragon!
The steam dragon looks as sick as possible!
The steam dragon is severely wounded.
You are engulfed in a cloud of scalding steam.
* * * LOW HITPOINT WARNING * * *
A steam dragon comes into view.
You block the steam dragon's attack. x2
You slash the steam dragon!
The steam dragon looks as sick as possible!
The steam dragon is almost dead.
You are engulfed in a cloud of scalding steam.
* * * LOW HITPOINT WARNING * * *
The steam dragon bites you but does no damage.
The steam dragon claws you but does no damage.
You closely miss the steam dragon.
The steam dragon is almost dead.
The steam dragon breathes steam at you.
The ball of steam hits the steam dragon!
The steam dragon resists.
The steam dragon dies!
The ball of steam hits you!
You die...

...#######.####
#...§@.......
#.###§§§§####
#...>§.D.
....(.((.
..#..####
......# ####!##
..


There were no monsters in sight!

Vanquished Creatures
  An ice beast (D:5)
  2 ogres
  A gnoll sergeant (D:4)
  A scorpion (D:4)
  A water moccasin skeleton (D:5)
  A centaur zombie (D:5)
  3 orc priests (D:4)
  A jelly (D:4)
  2 bullfrog skeletons
  A centaur skeleton (D:5)
  Natasha (twice) (D:2)
  A scorpion zombie (D:5)
  2 orc wizards
  4 gnolls (D:4)
  A howler monkey skeleton (D:4)
  3 adders
  An adder skeleton (D:4)
  2 worms
  12 orcs
  6 ball pythons
  6 endoplasms
  2 giant cockroaches
  8 goblins
  7 hobgoblins
  14 jackals (D:2)
  6 quokkas
  3 bats
  4 frilled lizards
  9 kobolds
  2 rats
109 creatures vanquished.

Vanquished Creatures (others)
  A steam dragon (D:6)
1 creature vanquished.

Grand Total: 110 creatures vanquished

Notes
Turn   | Place    | Note
-------+----------+-------------------------------------------
     0 | D:1      | dolemite99 the Hill Orc Fighter began the quest for the
                  | Orb.
     0 | D:1      | Reached XP level 1. HP: 19/19 MP: 1/1
    93 | D:1      | Reached skill level 3 in Axes
   169 | D:1      | Reached XP level 2. HP: 24/26 MP: 2/2
   468 | D:1      | Reached skill level 4 in Axes
   868 | D:1      | Reached XP level 3. HP: 29/31 MP: 3/3
  1142 | D:1      | Found a faded altar of an unknown god.
  1149 | D:1      | Became a worshipper of Cheibriados the Contemplative
  1149 | D:1      | Reached * piety under Cheibriados
  1349 | D:2      | Reached skill level 5 in Axes
  1682 | D:2      | Noticed Natasha
  1692 | D:2      | Killed Natasha
  1693 | D:2      | Reached XP level 4. HP: 39/39 MP: 4/4
  2007 | D:2      | Reached skill level 6 in Axes
  2015 | D:2      | Found an ornate altar of the Wu Jian Council.
  2226 | D:2      | Reached ** piety under Cheibriados
  2293 | D:2      | Noticed Natasha
  2306 | D:2      | Killed Natasha
  2307 | D:2      | Reached XP level 5. HP: 7/45 MP: 5/5
  3254 | D:3      | Reached skill level 7 in Axes
  3385 | D:3      | Noticed an ogre
  3394 | D:3      | Killed an ogre
  3395 | D:3      | Reached skill level 8 in Axes
  3395 | D:3      | Reached XP level 6. HP: 13/51 MP: 6/6
  4062 | D:4      | Found a staircase to the Ecumenical Temple.
  4248 | D:4      | Reached *** piety under Cheibriados
  4249 | D:4      | Reached skill level 9 in Axes
  4441 | D:4      | Reached XP level 7. HP: 53/57 MP: 7/7
  4625 | D:4      | Reached skill level 10 in Axes
  5287 | D:5      | Entered Level 5 of the Dungeon
  5455 | D:5      | Reached skill level 11 in Axes
  5581 | D:5      | Reached XP level 8. HP: 40/64 MP: 8/8
  6460 | D:6      | Killed from afar by a steam dragon

Illustrated notes

Levels and vault maps discovered:
D:1:      nzn_arrival_water_spiral, layout_basic, basic_ecumenical_altar
D:2:      layout_loops_corners, basic_altar, minmay_split_cup_small,
          uniq_natasha
D:3:      layout_rooms, serial_aquarium, aquarium_bridge_straight
          [aquarium_subvault_bridge, aquarium_subvault_wall,
          aquarium_subvault_bridge, aquarium_subvault_window],
          aquarium_bridge_square [aquarium_subvault_bridge,
          aquarium_subvault_bridge, aquarium_subvault_bridge,
          aquarium_subvault_window], aquarium_window_1, aquarium_window_corner,
          aquarium_window_corner, aquarium_view_2f, aquarium_balcony_double_2,
          aquarium_pool_corner, grunt_ministairs_5
D:4:      layout_basic, minmay_temple_entry_stoned_glass, enter_ossuary_1,
          lightli_minifort
D:5:      layout_basic
D:6:      layout_basic, jmf_multi_god_temple, lemuel_tele_altar,
          nrook_mini_backslash

Skill      XL: |  1  2  3  4  5  6  7 |
---------------+----------------------+-----
Axes           | 3 4 5 6 8 9 11 | 11.9
Fighting       | |  3.6
Armour         | |  3.2
Shields        | |  3.2

Action                   |  1- 3 |  4- 6 |  7- 9 || total
-------------------------+-------+-------+-------++-------
Melee: War axe           |   105 |    97 |       ||   202
       Hand axe          |       |    29 |    93 ||   122
Throw: Stone             |       |     3 |       ||     3
       Dart              |       |    11 |    21 ||    32
  Use: Scroll            |       |     4 |     1 ||     5
Armor: Scale mail        |    51 |    31 |       ||    82
       Chain mail        |       |    17 |    37 ||    54
Dodge: Dodged            |    24 |    53 |    17 ||    94
Block: Kite shield       |    66 |    85 |    49 ||   200

Table legend: (Time is in decaauts)
 A = Elapsed time spent in this place.
 B = Non-inter-level travel time spent in this place.
 C = Inter-level travel time spent in this place.
 D = Time resting spent in this place.
 E = Time spent auto-exploring this place.
 F = Levels seen in this place.
 G = Mean time per level.
                   A        B        C        D        E       F      G
               +--------+--------+--------+--------+--------+-----+--------+
         Total |   8115 |   7881 |    234 |   1615 |   5202 |   6 | 1352.5 |
       Dungeon |   8115 |   7881 |    234 |   1615 |   5202 |   6 | 1352.5 |
               +--------+--------+--------+--------+--------+-----+--------+

Top non-repeatable levels by time:
     D:2: 1959 daAuts
     D:5: 1655 daAuts
     D:4: 1595 daAuts
     D:3: 1455 daAuts
     D:1: 1438 daAuts
     D:6: 10 daAuts
